cohdb
Replays
Latest Replays
All Replays
Popular Replays
Top Player Replays
Match Explorer
How It Works
Community
CoH3 Stats
Reddit
Sign in to upload your games and track your stats! →
Sign in with Steam
Match 27540905
Unlisted
Match 27540905
Overview
Messages
Build Orders
End
Kradschützen Motorcycle Team
Panzergrenadier Squad
Selects Battlefield Espionage Battlegroup
Selects Battlefield Espionage Battlegroup
Panzergrenadier Squad
Construct Light Support Kompanie
MG34 Team
Fire Support Elements
Panzerjäger Squad
2.5-tonne Medical Truck
le.IG 18 Mechanized Group
Selects 250/3 Funkpanzerwagen
Selects Sector Subterfuge Beacon
Assault Grenadier Squad
Pak 38 Anti-tank Gun Team
Selects Anti-Tank Incendiary Munitions
Construct Panzerarmee Kommand
Vehicle Survival Package
Pak 38 Mechanized Group
Walking Stuka Rocket Launcher
Flak 36 Anti-tank Gun Team
yoon303a
I Wumbo, You Wumbo
Ja_Ger
Julm
Friendly Mouse(Poxie)
neurotypical cattle
Sk8erGirl
Wpac109
0
0
Comments
sign in to comment!
No comments posted yet!